 Dungeon Crawl Stone Soup version 0.32-a0-666-ge8a88695a4 (webtiles) character file.

Game seed: 16208662596145899186

6274 ragingrage the Gouger (level 10, -2/51 HPs)
             Began as a Felid Enchanter on Mar 9, 2024.
             Was an Initiate of Gozag.
             Slain by a spriggan
             ... wielding a +0 rapier
              (6 damage)
             ... on level 9 of the Dungeon on Mar 10, 2024.
             The game lasted 00:22:28 (12866 turns).

ragingrage the Gouger (Felid Enchanter)            Turns: 12866, Time: 00:22:28

Health: -2/51      AC:  2    Str: 10    XL:     10   Next: 63%
Magic:  9/24       EV: 20    Int: 21    God:    Gozag
Gold:   830        SH:  0    Dex: 19    Spells: 3/15 levels left
                                        Lives:  0   Deaths: 4

rFire   . .          .
                       - Unarmed
rCold   . . .        (shield unavailable)
rNeg    . . .        (body armour unavailable)
rPois   .            (helmet unavailable)
rElec   .            (cloak unavailable)
rCorr   .            (gloves unavailable)
SInv    +            (boots unavailable)
Will    +....        w - amulet of magic regeneration
Stlth   +++          m - ring of magical power
HPRegen 0.28/turn    q - +6 ring of strength
MPRegen 0.59/turn

%: no passive effects
@: no status effects
A: very small, claws 1, fangs 3, see invisible, shaggy fur 2, stealthy paws, no
weapons or thrown items, no armour, multi-lived
a: Renounce Religion, Potion Petition, Call Merchant, Bribe Branch


You were on level 9 of the Dungeon.
You worshipped Gozag.
Gozag was pleased with you.
You visited 1 branch of the dungeon, and saw 10 of its levels.

You collected 963 gold pieces.
You spent 56 gold pieces at shops.
You paid 77 gold pieces to Gozag.

Inventory:

Jewellery
 c - a +6 ring of strength
 m - a ring of magical power (left paw)
 q - a +6 ring of strength (right paw)
 w - an amulet of magic regeneration (around neck)
Talismans
 s - a flux talisman
Wands
 f - a wand of mindburst (7)
 o - a wand of flame (22)
 r - a wand of polymorph (5)
 v - a wand of warping (4)
Scrolls
 d - 2 scrolls of amnesia
 e - a scroll of noise {unknown}
 h - 4 scrolls of teleportation
 j - 2 scrolls of enchant armour {unknown}
 k - a scroll of fear {unknown}
 n - 2 scrolls of revelation
 p - 3 scrolls of immolation
 t - a scroll of blinking {unknown}
 x - 2 scrolls of poison
 y - a scroll of butterflies {unknown}
 z - a scroll of fog {unknown}
 A - a scroll of silence {unknown}
 B - a scroll of identify
Potions
 a - a potion of invisibility
 b - 2 potions of heal wounds
 g - 2 potions of enlightenment
 i - 2 potions of brilliance
 l - a potion of curing {unknown}
 u - a potion of haste {unknown}


   Skills:
 - Level 5.0 Fighting
 - Level 5.0 Dodging
 - Level 6.0 Stealth
 - Level 9.1 Unarmed Combat
 - Level 3.0 Spellcasting
 - Level 7.0 Hexes
 + Level 6.9 Necromancy
 - Level 3.0 Translocations
 - Level 2.0 Ice Magic
 + Level 6.3 Earth Magic
 - Level 1.4 Evocations


You had 3 spell levels left.
You knew the following spells:

 Your Spells              Type           Power      Damage    Failure   Level
a - Ensorcelled Hibernat  Hex/Ice        44%        N/A       3%          2
b - Confusing Touch       Hex            32%        N/A       2%          3
c - Blink                 Tloc           30%        N/A       6%          2
d - Borgnjor's Vile Clut  Necr/Erth      15%        N/A       24%         5

Your spell library contained the following spells:

 Spells                   Type           Power      Damage    Failure   Level
 Sublimation of Blood     Necr           32%        N/A       1%          2
 Tukima's Dance           Hex            32%        N/A       2%          3
 Lesser Beckoning         Tloc           30%        N/A       6%          2
 Dazzling Flash           Conj/Hex       34%        N/A       10%         3
 Gell's Gravitas          Tloc           15%        N/A       12%         3
 Teleport Other           Tloc           15%        N/A       12%         3
 Magic Dart               Conj           12%        1d3       13%         1
 Call Imp                 Summ           6%         N/A       21%         2
 Passage of Golubria      Tloc           15%        N/A       36%         4
 Vhi's Electric Charge    Tloc/Air       18%        N/A       56%         4
 Yara's Violent Unravell  Hex/Alch       8%         3d5       65%         5
 Death Channel            Necr           16%        N/A       77%         6
 Arcjolt                  Conj/Air       1%         1d11      98%         5
 Iskenderun's Battlesphe  Conj           3%         2d6       98%         5
 Bombard                  Conj/Erth      8%         9d2       99%         6
 Plasma Beam              Fire/Air       1%         2x1d11    100%        6
 Spellforged Servitor     Conj/Summ      1%         N/A       100%        7
 Summon Hydra             Summ           1%         N/A       100%        7
 Animate Dead             Necr           Unusable   N/A       N/A         4

Dungeon Overview and Level Annotations

Branches:
Dungeon (10/15)            Temple (0/1) D:5
   Lair: D:8-11         Orc: D:9-12

Altars:
Cheibriados
Dithmenos
Elyvilon
Gozag
Hepliaklqana
Kikubaaqudgha
Sif Muna

Shops:
D:5 ?

Annotations:
D:3 exclusion: water moccasin
D:6 exclusion: jelly, Jeremiah
D:7 1 exclusion
D:9 exclusions: spriggan and 1 more exclusion
D:10 exclusions: door, hydra, ice statue, two-headed ogre and vampire


Innate Abilities, Weirdness & Mutations

You have sharp claws.
You have razor-sharp teeth.
You have supernaturally acute eyesight. (SInv)
You are covered in thick fur. (AC +2)
Your paws help you pounce on unaware monsters.
You are incapable of wielding weapons or throwing items.
You cannot wear armour.
You gain extra lives every three experience levels.


Message History

Casting: Ensorcelled Hibernation (safe; 3% risk of failure)
Aiming: Ensorcelled Hibernation (safe; 3% risk of failure)
Press: ? - help, Shift-Dir - straight line, f/p - spriggan
Aim: a spriggan, wielding a +0 rapier and wearing a +0 robe (chance to affect: 21%)
The spriggan resists with almost no effort.
The spriggan barely misses you.
Casting: Ensorcelled Hibernation (safe; 3% risk of failure)
Aiming: Ensorcelled Hibernation (safe; 3% risk of failure)
Press: ? - help, Shift-Dir - straight line, f/p - spriggan
Aim: a spriggan, wielding a +0 rapier and wearing a +0 robe (chance to affect: 21%)
The spriggan resists with almost no effort.
The spriggan misses you.
Casting: Ensorcelled Hibernation (safe; 3% risk of failure)
Aiming: Ensorcelled Hibernation (safe; 3% risk of failure)
Press: ? - help, Shift-Dir - straight line, f/p - spriggan
Aim: a spriggan, wielding a +0 rapier and wearing a +0 robe (chance to affect: 21%)
The spriggan resists with almost no effort.
The spriggan closely misses you.
Casting: Ensorcelled Hibernation (safe; 3% risk of failure)
Aiming: Ensorcelled Hibernation (safe; 3% risk of failure)
Press: ? - help, Shift-Dir - straight line, f/p - spriggan
Aim: a spriggan, wielding a +0 rapier and wearing a +0 robe (chance to affect: 21%)
The spriggan resists with almost no effort.
The spriggan hits you with a +0 rapier!
* * * LOW HITPOINT WARNING * * *
Casting: Ensorcelled Hibernation (safe; 3% risk of failure)
Aiming: Ensorcelled Hibernation (safe; 3% risk of failure)
Press: ? - help, Shift-Dir - straight line, f/p - spriggan
Aim: a spriggan, wielding a +0 rapier and wearing a +0 robe (chance to affect: 21%)
The spriggan resists with almost no effort.
The spriggan hits you with a +0 rapier!
* * * LOW HITPOINT WARNING * * *
Casting: Ensorcelled Hibernation (safe; 3% risk of failure)
Aiming: Ensorcelled Hibernation (safe; 3% risk of failure)
Press: ? - help, Shift-Dir - straight line, f/p - spriggan
Aim: a spriggan, wielding a +0 rapier and wearing a +0 robe (chance to affect: 21%)
The spriggan resists with almost no effort.
The spriggan hits you with a +0 rapier.
You die...
Your body crumbles into a pile of gold.

######
#....##......#.#.###....
#....#####..............
###'## ###############
♣.♣♣♣ ♣...♣♣ ♣♣♣♣ ♣♣♣♣♣
♣♣♣..♣♣ ♣♣.>♣ cc..♣
♣♣..♣ ♣♣♣♣..♣♣ ♣♣...♣
♣.♣♣ ♣♣♣♣...♣♣♣ .c.♣
♣♣@♣♣ ♣♣...♣♣♣♣ ♣....
♣♣i♣♣♣♣.♣♣♣♣ .♣♣♣♣
♣..♣♣..)♣ ♣♣ ♣♣$...♣♣♣
♣♣♣.♣♣ ♣i♣♣ ♣♣..♣ ♣.♣ .♣


You could see a spriggan.

Vanquished Creatures
  A two-headed ogre (D:10)
  A cyclops (D:9)
  Maurice (D:7)
  A gargoyle (D:8)
  A troll (D:9)
  Prince Ribbit (D:7)
  3 spriggans (D:9)
  3 shadows (D:10)
  A yak (D:9)
  A steam dragon (D:9)
  3 water moccasins
  3 orc warriors (D:9)
  3 sky beasts
  A black bear (D:8)
  3 ogres
  3 centaurs
  2 scorpions
  A bullfrog (D:9)
  6 wights
  4 killer bees (D:10)
  3 bombardier beetles
  3 hounds
  8 orc priests
  2 sleepcaps
  Crazy Yiuf (D:2)
  2 iguanas (D:6)
  Terence (D:2)
  8 orc wizards
  10 adders
  A gnoll (D:5)
  A shadow imp (D:8)
  4 ribbon worms
  26 orcs
  5 ball pythons
  4 endoplasms
  3 giant cockroaches
  6 goblins
  4 hobgoblins
  4 quokkas
  5 bats
  4 frilled lizards (D:2)
  9 kobolds
  3 rats
160 creatures vanquished.

Notes
Turn   | Place    | Note
-------+----------+-------------------------------------------
     0 | D:1      | ragingrage the Felid Enchanter began the quest for the Orb.
     0 | D:1      | Reached XP level 1. HP: 9/9 MP: 4/4
   169 | D:1      | Reached XP level 2. HP: 14/14 MP: 6/6
   374 | D:1      | Learned a level 2 spell: Ensorcelled Hibernation
   491 | D:1      | Found a faded altar of an unknown god.
   669 | D:1      | Reached skill level 1 in Fighting
   669 | D:1      | Reached skill level 2 in Unarmed Combat
   797 | D:2      | Reached XP level 3. HP: 18/18 MP: 7/7
   987 | D:2      | Reached skill level 5 in Hexes
  1201 | D:2      | Slain by a ribbon worm
  1201 | D:2      | Lost a life (0 lives remaining)
  1389 | D:1      | Learned a level 3 spell: Confusing Touch
  1444 | D:2      | Found a runed translucent door.
  1445 | D:2      | Noticed Crazy Yiuf
  1537 | D:2      | Noticed Terence
  1553 | D:2      | Killed Terence
  1554 | D:2      | Reached skill level 1 in Ice Magic
  1554 | D:2      | Reached XP level 4. HP: 12/22 MP: 3/8
  1554 | D:2      | Gained a life (1 life remaining)
  1861 | D:2      | Killed Crazy Yiuf
  1862 | D:2      | Reached skill level 3 in Unarmed Combat
  2299 | D:3      | Reached XP level 5. HP: 26/26 MP: 9/9
  2622 | D:3      | You fall into a shaft and drop 3 floors!
  2752 | D:6      | Noticed an ogre
  2769 | D:5      | Entered Level 5 of the Dungeon
  3002 | D:5      | Noticed an ogre
  3019 | D:5      | Killed an ogre
  3020 | D:5      | Reached skill level 4 in Unarmed Combat
  3020 | D:5      | Gained mutation: You are covered in thick fur. (AC +2)
                  | [Felid growth]
  3020 | D:5      | Reached XP level 6. HP: 30/30 MP: 7/10
  3866 | D:4      | Reached skill level 5 in Unarmed Combat
  4326 | D:4      | Found a shimmering blue altar of Sif Muna.
  4580 | D:3      | Noticed a water moccasin
  5058 | D:5      | Found a shadowy altar of Dithmenos.
  5161 | D:5      | Found a hazy altar of Hepliaklqana.
  5177 | D:5      | Reached XP level 7. HP: 33/35 MP: 11/11
  5177 | D:5      | Gained a life (2 lives remaining)
  5301 | D:5      | Slain by a gnoll
  5301 | D:5      | Lost a life (1 life remaining)
  5352 | D:6      | Reached skill level 6 in Unarmed Combat
  5715 | D:6      | Found an opulent altar of Gozag.
  5773 | D:6      | Became a worshipper of Gozag Ym Sagoz the Greedy
  5940 | D:6      | Found a snail-covered altar of Cheibriados.
  6107 | D:6      | Reached skill level 7 in Unarmed Combat
  6406 | D:6      | Noticed Jeremiah
  6506 | D:7      | Found a flagged portal.
  6526 | D:7      | Reached XP level 8. HP: 30/39 MP: 9/12
  6557 | D:7      | Noticed Maurice
  6562 | D:7      | Maurice stole a flux talisman
  6563 | D:7      | Maurice stole 118 gold
  6683 | D:8      | Noticed a gargoyle
  6686 | D:8      | Reached skill level 8 in Unarmed Combat
  6690 | D:8      | Killed from afar by a gargoyle
  6690 | D:8      | Lost a life (0 lives remaining)
  6839 | D:7      | Learned a level 2 spell: Blink
  7082 | D:7      | Reached skill level 1 in Translocations
  7197 | D:7      | Killed Maurice
  7219 | D:7      | Reached skill level 5 in Stealth
  7536 | D:7      | Noticed Prince Ribbit
  7540 | D:7      | Killed Prince Ribbit
  7541 | D:7      | Reached skill level 5 in Dodging
  7541 | D:7      | Reached skill level 9 in Unarmed Combat
  7590 | D:7      | Reached XP level 9. HP: 34/44 MP: 13/13
  7654 | D:7      | Reached skill level 1 in Evocations
  7922 | D:7      | Learned a level 5 spell: Borgnjor's Vile Clutch
  8356 | D:8      | Killed a gargoyle
  8357 | D:8      | Reached skill level 1 in Earth Magic
  9195 | D:9      | Found an ancient bone altar of Kikubaaqudgha.
  9476 | D:9      | Noticed a cyclops
  9487 | D:9      | Killed a cyclops
  9973 | D:9      | Reached skill level 5 in Necromancy
 10155 | D:9      | Reached XP level 10. HP: 49/49 MP: 14/14
 10155 | D:9      | Gained a life (1 life remaining)
 10254 | D:9      | Reached skill level 5 in Earth Magic
 10455 | D:9      | Slain by a troll
 10455 | D:9      | Lost a life (0 lives remaining)
 10555 | D:5      | Found a staircase to the Ecumenical Temple.
 10555 | D:5      | Found Hokue's Magic Scroll Boutique.
 10558 | D:5      | Bought a scroll of immolation for 56 gold pieces
 11204 | D:9      | HP: 1/50 [shot self (18)]
 11303 | D:10     | Entered Level 10 of the Dungeon
 11303 | D:10     | Noticed an ice statue
 11348 | D:10     | Noticed a two-headed ogre
 11353 | D:10     | Killed a two-headed ogre
 11354 | D:10     | Reached skill level 5 in Fighting
 11782 | D:10     | Noticed a two-headed ogre
 11871 | D:10     | Noticed a seven-headed hydra
 11936 | D:10     | Found a white marble altar of Elyvilon.
 12866 | D:9      | Slain by a spriggan

Illustrated notes

Levels and vault maps discovered:
D:1:      lightli_molten_gateway, layout_basic, chequers_ecumenical_altar_grove
D:2:      layout_loops_ring, minmay_pentomino_q2, uniq_terence,
          uniq_crazy_yiuf_cottage
D:3:      layout_basic
D:4:      layout_layer_cave, led_sif_pool, nicolae_houndstooth_variations
D:5:      layout_basic, grunt_dithmenos_smoke_and_mirrors,
          mainiacjoe_overflow_24_doors, minmay_temple_entry_purple_smoke,
          serial_shops, shop
D:6:      layout_basic, mainiacjoe_overflow_brackets, slow_altar_2,
          kennysheep_small_spiral, nicolae_titane, uniq_jeremiah
D:7:      layout_basic, enter_bailey_6, serial_co_window_serial,
          co_window_paths_a, co_window_paths_b, co_window_paths_a,
          co_window_corner_a, co_window_paths_b, co_window_paths_b,
          co_window_paths_b, co_window_2corner, co_window_2corner,
          co_window_of_opportunity_b, co_window_paths_d, co_window_4corner_b,
          glass_columns_b, glass_columns_b, glass_columns_a, glass_columns_a,
          uniq_prince_ribbit1, uniq_maurice
D:8:      layout_cave_pods
D:9:      kb_forest_paths, layout_basic, kiku_gazebo_garden_becter,
          serial_library_hellmonk_recessed_alcove
D:10:     layout_irregular_city, mainiacjoe_overflow_cross_hatched,
          minivault_16, minmay_door_square

Skill      XL: |  1  2  3  4  5  6  7  8  9 10 |
---------------+-------------------------------+-----
Fighting       | 1 2 3 5 |  5.0
Unarmed Combat | 2 3 4 5 7 9 |  9.1
Hexes          | 5 6 7 |  7.0
Ice Magic      | 1 2 |  2.0
Dodging        | 5 |  5.0
Translocations | 3 |  3.0
Stealth        | 6 |  6.0
Evocations     | 1 |  1.4
Necromancy     | 5 6 |  6.9
Earth Magic    | 4 6 |  6.3
Spellcasting   | 3 |  3.0

Action                     |  1- 3 |  4- 6 |  7- 9 | 10-12 || total
---------------------------+-------+-------+-------+-------++-------
  Melee: Unarmed           |   108 |   194 |   179 |    90 ||   571
         Bite              |    10 |    27 |    25 |    14 ||    76
         Punch             |     1 |     5 |     9 |     4 ||    19
   Cast: Ensorcelled Hiber |    13 |    12 |    18 |    17 ||    60
         Confusing Touch   |     1 |    16 |    30 |    15 ||    62
  Evoke: Wand              |       |       |       |     2 ||     2
    Use: Scroll            |       |       |    10 |     1 ||    11
         Potion            |       |       |     2 |     4 ||     6
   Stab: Sleeping          |    23 |    12 |    23 |     6 ||    64
         Confused          |       |    11 |    18 |     7 ||    36
         Distracted        |       |     1 |     1 |       ||     2
         Invisible         |       |       |     1 |       ||     1
 Armour: Skin              |    34 |    48 |    51 |    55 ||   188
  Dodge: Dodged            |    88 |   113 |   101 |    96 ||   398

Table legend: (Time is in decaauts)
 A = Elapsed time spent in this place.
 B = Non-inter-level travel time spent in this place.
 C = Inter-level travel time spent in this place.
 D = Time resting spent in this place.
 E = Time spent auto-exploring this place.
 F = Levels seen in this place.
 G = Mean time per level.
                   A        B        C        D        E       F      G
               +--------+--------+--------+--------+--------+-----+--------+
         Total |  12819 |  12080 |    739 |   2210 |   7559 |  10 | 1281.9 |
       Dungeon |  12819 |  12080 |    739 |   2210 |   7559 |  10 | 1281.9 |
               +--------+--------+--------+--------+--------+-----+--------+

Top non-repeatable levels by time:
     D:7: 1678 daAuts
    D:10: 1496 daAuts
     D:4: 1450 daAuts
     D:8: 1445 daAuts
     D:6: 1352 daAuts
     D:2: 1253 daAuts
     D:9: 1216 daAuts
     D:5: 1181 daAuts
     D:3: 950 daAuts
     D:1: 792 daAuts
